[Event "*** Titled Tuesday 3|2 Blitz"]
[Site "Chess.com"]
[Date "2016.08.02"]
[Round "1"]
[White "Journey_to_GrandMaster_YT"]
[Black "the_drake"]
[Result "1-0"]
[WhiteElo "2454"]
[BlackElo "2103"]
[TimeControl "180+2"]
[EndTime "11:01:19 PDT"]
[Termination "Journey_to_GrandMaster_YT won by checkmate"]

1. d4 d5 2. Nf3 Nf6 3. e3 e6 4. Bd3 Bd6 5. Nbd2 c5 6. b3 b6 7. Bb2 Nc6 8. O-O O-O 9. Ne5 Qe7 10. Nxc6 Qc7 11. Ne5 Nd7 12. Qh5 g6 13. Qh6 f6 14.
Nxg6 hxg6 15. Qxg6+ Kh8 16. Qh7# 1-0

[Event "*** Titled Tuesday 3|2 Blitz"]
[Site "Chess.com"]
[Date "2016.08.02"]
[Round "1"]
[White "ChadaevNikolay"]
[Black "IamSchrodingersCat"]
[Result "1-0"]
[WhiteElo "2527"]
[BlackElo "2218"]
[TimeControl "180+2"]
[EndTime "11:03:01 PDT"]
[Termination "ChadaevNikolay won by resignation"]

1. e4 c5 2. Nf3 d6 3. c3 Nf6 4.
Be2 Bg4 5. O-O Nc6 6. d4 Bxf3 7.
Bxf3 cxd4 8. cxd4 e5 9. Be3 exd4 10. Bxd4 Nxd4 11. Qxd4 Be7 12. Nc3 Qd7 13. Rad1 Rd8 14. Qxa7 Qe6 15. Qxb7 O-O 16. Qa6 Rb8 17. Qe2 Nd7 18. Bg4 1-0

[Event "*** Titled Tuesday 3|2 Blitz"]
[Site "Chess.com"]
[Date "2016.08.02"]
[Round "1"]
[White "viditchess"]
[Black "jup1978"]
[Result "1-0"]
[WhiteElo "2486"]
[BlackElo "2160"]
[TimeControl "180+2"]
[EndTime "11:03:01 PDT"]
[Termination "viditchess won by resignation"]

1. d4 d5 2. c4 c6 3. Nf3 Nf6 4. e3 Bf5 5. Nc3 a6 6. Ne5 h6 7. Qb3 Ra7 8. cxd5 cxd5 9. Bd2 e6 10. Rc1 Bd6 11. Qa4+ Ke7 12. Nb5 Ra8 13. Nxd6 Qxd6 14. Bb4 1-0

[Event "*** Titled Tuesday 3|2 Blitz"]
[Site "Chess.com"]
[Date "2016.08.02"]
[Round "1"]
[White "ZEN-22"]
[Black "Keranke"]
[Result "0-1"]
[WhiteElo "2312"]
[BlackElo "2629"]
[TimeControl "180+2"]
[EndTime "11:03:39 PDT"]
[Termination "Keranke won by resignation"]

1. e4 g6 2. h4 h6 3. h5 g5 4.
f4 gxf4 5. d4 d6 6. Bxf4 Bg7 7.
Nc3 Nf6 8. Nf3 Bg4 9. e5 Nxh5 10. Qd2 Bxf3 11. gxf3 Nxf4 12. Qxf4 dxe5 13. dxe5 Nc6 14.
e6 fxe6 15. Rd1 Nd4 16. Bd3 Qd6 17. Qg4 Bf6 18. Ne4 Qe5 19. f4 Qa5+ 20. c3 O-O-O 21. O-O Rdg8 22. Ng5 hxg5 23. f5 Nxf5 24. Bxf5 Qb6+ 25.
Kg2 exf5 26. Rxf5 Kb8 27. Rfd5 a6 28. R1d2 Rh4 29. Qe6 Qxe6 0-1

[Event "*** Titled Tuesday 3|2 Blitz"]
[Site "Chess.com"]
[Date "2016.08.02"]
[Round "1"]
[White "dabee"]
[Black "FearlessKing64"]
[Result "1-0"]
[WhiteElo "2421"]
[BlackElo "2051"]
[TimeControl "180+2"]
[EndTime "11:04:36 PDT"]
[Termination "dabee won by resignation"]

1. d4 Nf6 2. Bg5 d5 3. e3 Ne4 4. Bf4 c5 5. Bd3 Qb6 6. Bxe4 dxe4 7. Nc3 cxd4 8. Qxd4 Qxd4 9. exd4 Bd7 10. Nxe4 Bc6 11. f3 g6 12. O-O-O Bg7 13. d5 Bd7 14. Nc5 b6 15.
Nb3 Na6 16. Ne2 Rc8 17. a3 Bf5 18. Ned4 Bd7 19. Rhe1 Nc5 20. Bd6 Nxb3+ 21. Nxb3 Bf6 22. Bxe7 Bxe7 23. d6 O-O 24. dxe7 1-0

[Event "*** Titled Tuesday 3|2 Blitz"]
[Site "Chess.com"]
[Date "2016.08.02"]
[Round "1"]
[White "Alexander_Moskalenko"]
[Black "Tash_Boy"]
[Result "1-0"]
[WhiteElo "2627"]
[BlackElo "2296"]
[TimeControl "180+2"]
[EndTime "11:04:46 PDT"]
[Termination "Alexander_Moskalenko won by resignation"]

1. e4 c5 2. Nf3 d6 3. d4 cxd4 4. Nxd4 Nf6 5. Nc3 e6 6. g4 e5 7.
Bb5+ Bd7 8. Bxd7+ Qxd7 9. Nf5 h5 10. Bg5 Nh7 11. Be3 hxg4 12. Qd3 g6 13. Ng3 Nc6 14.
O-O-O O-O-O 15. Nd5 Kb8 16. Kb1 Bg7 17. c3 Rhf8 18.
h3 gxh3 19. Qf1 f5 20. Qxh3 Nf6 21. Nxf6 Bxf6 22. exf5 gxf5 23. Qxf5 Qxf5+ 24. Nxf5 d5 25. Bc5 Rf7 26. Nd6 Rfd7 27. Rxd5 Be7 28. Rhd1 b6 29. Ba3 Na5 30. Kc2 Nc4 31. Nxc4 Rxd5 32. Rxd5 Rxd5 33. Bxe7 Kc7 34. Bf6 e4 35. Bd4 Rf5 36. Nd2 Rf4 37.
Be5+ 1-0

[Event "*** Titled Tuesday 3|2 Blitz"]
[Site "Chess.com"]
[Date "2016.08.02"]
[Round "1"]
[White "Imre91"]
[Black "fpawn"]
[Result "1-0"]
[WhiteElo "2542"]
[BlackElo "2221"]
[TimeControl "180+2"]
[EndTime "11:05:08 PDT"]
[Termination "Imre91 won by resignation"]

1. d4 f5 2. g3 Nf6 3. Bg2 g6 4.
b4 c6 5. Bb2 Bg7 6. Nd2 O-O 7.
Ngf3 a5 8. a3 axb4 9. axb4 Rxa1 10. Qxa1 d6 11. O-O Kh8 12. c4 Be6 13. Qa7 Qc7 14.
Rc1 Nbd7 15. d5 Bg8 16. dxc6 Qxc6 17. Nd4 Qc7 18. Nb5 Qb8 19. Qxb7 Qxb7 20. Bxb7 Rb8 21. Bc6 Nb6 22. Bd4 Nbd7 23. Bc3 Nb6 24. c5 dxc5 25.
bxc5 Nbd5 26. Be5 Rc8 27. Bb7 Rf8 28. c6 Ne8 29. Bxg7+ Kxg7 30. c7 1-0

[Event "*** Titled Tuesday 3|2 Blitz"]
[Site "Chess.com"]
[Date "2016.08.02"]
[Round "1"]
[White "usbista"]
[Black "sandropozo"]
[Result "0-1"]
[WhiteElo "2024"]
[BlackElo "2386"]
[TimeControl "180+2"]
[EndTime "11:05:20 PDT"]
[Termination "sandropozo won by resignation"]

1. e4 e6 2. d4 d5 3. Nd2 Ne7 4. Ngf3 Ng6 5. exd5 exd5 6. Bd3 Nf4 7. O-O Nxd3 8.
Qe2+ Be7 9. Qxd3 O-O 10. Ne5 Nd7 11. Ndf3 Nf6 12. Bg5 Ne4 13. Bxe7 Qxe7 14. Nd2 Bf5 15. Nxe4 Bxe4 16. Qe2 f6 17. Nf3 Rfe8 18. Rfe1 Qf7 19. Qd1 Qg6 20. c3 h6 21. Re3 Re7 22. Qf1 Rae8 23. Rae1 Kf8 24. Nd2 Bd3 25. Rxe7 Rxe7 0-1

[Event "*** Titled Tuesday 3|2 Blitz"]
[Site "Chess.com"]
[Date "2016.08.02"]
[Round "1"]
[White "chorejason"]
[Black "petrpalachev"]
[Result "0-1"]
[WhiteElo "2056"]
[BlackElo "2427"]
[TimeControl "180+2"]
[EndTime "11:05:22 PDT"]
[Termination "petrpalachev won by resignation"]

1. e4 e6 2. d4 d5 3. Nd2 Be7 4. Bd3 c5 5. c3 cxd4 6. cxd4 Nc6 7. Ne2 dxe4 8. Nxe4 Nf6 9. O-O O-O 10. Be3 Nb4 11. Nxf6+ Bxf6 12. Be4 Nd5 13. Nf4 Nxf4 14. Bxf4 Qxd4 15. Qf3 Qxb2 16. Rab1 Qxa2 17. Rb5 e5 18. Bxe5 Bxe5 19. Rxe5 Be6 20. Rh5 g6 21. Qf6 Qe2 22. Rh6 Qxe4 0-1

[Event "*** Titled Tuesday 3|2 Blitz"]
[Site "Chess.com"]
[Date "2016.08.02"]
[Round "1"]
[White "ajkom197"]
[Black "LaStreetCmaMaison"]
[Result "0-1"]
[WhiteElo "2189"]
[BlackElo "2487"]
[TimeControl "180+2"]
[EndTime "11:05:25 PDT"]
[Termination "LaStreetCmaMaison won by resignation"]

1. c4 g6 2. g3 Bg7 3. Bg2 d6 4. e3 c5 5. Ne2 Nc6 6. O-O e6 7. Nbc3 Nge7 8. d4 O-O 9. b3 cxd4 10. Nxd4 Nxd4 11. exd4 Rb8 12. Bb2 a6 13. a4 Bd7 14.
Qd2 b5 15. axb5 axb5 16. Nxb5 Bxb5 17. cxb5 Rxb5 18. Qd3 Qb6 19. Ra3 Rb8 20. Bc1 Qxd4 21. Qc2 d5 22. Be3 Qb4 23. Ra7 Nf5 24. Bf4 Rf8 25. Rb1 Nd4 26. Qa2 h5 27. Be3 Nf5 28. Ra4 Qe7 29. Bd2 h4 30. Bf1 Rb7 31. b4 hxg3 32.
hxg3 Bd4 33. Kg2 Qf6 34. Be1 Be5 35. b5 Bxg3 36. b6 Be5 37. Bd2 Nh4+ 38. Kh3 Qf3+ 0-1

[Event "*** Titled Tuesday 3|2 Blitz"]
[Site "Chess.com"]
[Date "2016.08.02"]
[Round "1"]
[White "BillieKimbah"]
[Black "Alliswell998"]
[Result "1-0"]
[WhiteElo "2505"]
[BlackElo "2209"]
[TimeControl "180+2"]
[EndTime "11:05:34 PDT"]
[Termination "BillieKimbah won by resignation"]

1. d4 Nf6 2. Nf3 c5 3. d5 b5 4. Bg5 Qb6 5. Bxf6 Qxf6 6. c3 d6 7. e4 b4 8. Bb5+ Bd7 9. Qa4 Bxb5 10. Qxb5+ Nd7 11. O-O g6 12. Re1 Rb8 13. Qa4 e5 14.
dxe6 Qxe6 15. e5 d5 16. Ng5 Qf5 17. e6 fxe6 18. Nxe6 1-0

[Event "*** Titled Tuesday 3|2 Blitz"]
[Site "Chess.com"]
[Date "2016.08.02"]
[Round "1"]
[White "Schemato"]
[Black "Gabrielian_Artur"]
[Result "0-1"]
[WhiteElo "2220"]
[BlackElo "2538"]
[TimeControl "180+2"]
[EndTime "11:05:38 PDT"]
[Termination "Gabrielian_Artur won by resignation"]

1. c4 Nf6 2. Nc3 g6 3. g3 Bg7 4.
Bg2 O-O 5. e4 d6 6. Nge2 c5 7.
O-O Nc6 8. d3 a6 9. h3 Rb8 10.
a4 Nd4 11. Nxd4 cxd4 12. Ne2 Nd7 13. a5 b6 14. Bd2 b5 15. b4 bxc4 16. dxc4 d3 17. Nf4 Bxa1 18. Qxa1 Ne5 19. Nd5 f6 20. Rc1 Bxh3 21. f4 Bxg2 22. Kxg2 Nd7 23. Qd4 e6 24. Ne3 Qc7 25. Qxd3 f5 26. exf5 gxf5 27. Bc3 Qb7+ 28. Kf2 Nf6 29. Bxf6 Rxf6 30. Rb1 Rh6 31. Ng2 Rh2 32.
Qf3 Qa7+ 33. Ke2 Qd4 0-1

[Event "*** Titled Tuesday 3|2 Blitz"]
[Site "Chess.com"]
[Date "2016.08.02"]
[Round "1"]
[White "Makalexa"]
[Black "danir29"]
[Result "0-1"]
[WhiteElo "2143"]
[BlackElo "2470"]
[TimeControl "180+2"]
[EndTime "11:05:42 PDT"]
[Termination "danir29 won by checkmate"]

1. e4 c6 2. d4 d5 3. Nc3 dxe4 4.
Nxe4 Bf5 5. Ng3 Bg6 6. Nf3 Nd7 7.
h4 h6 8. Bd3 Bxd3 9. Qxd3 e6 10. Bf4 Ngf6 11. O-O-O a5 12. Kb1 a4 13. Rhe1 Be7 14.
Ne4 Nxe4 15. Qxe4 Nf6 16. Qe2 Nd5 17. Bc1 a3 18. c4 axb2 19. Bxb2 Nf6 20. Ne5 O-O 21.
g4 Qa5 22. Ba1 Rfd8 23. g5 Ne4 24. Rd3 Bb4 25. Rc1 Nd2+ 26. Kc2 Qa4+ 27. Rb3 Nxb3 28. axb3 Qa2+ 29. Kd3 Qxb3+ 30. Ke4 Ra2 31. Qh5 Rf8 32. gxh6 f5+ 33. Kf4 Bd2# 0-1

[Event "*** Titled Tuesday 3|2 Blitz"]
[Site "Chess.com"]
[Date "2016.08.02"]
[Round "1"]
[White "ShimanovAlex"]
[Black "Generalas"]
[Result "1-0"]
[WhiteElo "2561"]
[BlackElo "2253"]
[TimeControl "180+2"]
[EndTime "11:06:05 PDT"]
[Termination "ShimanovAlex won by resignation"]

1. d4 Nf6 2. Nf3 d5 3. Bf4 e6 4.
e3 Bd6 5. Bg3 O-O 6. Nbd2 c5 7.
c3 Nc6 8. Bd3 Re8 9. Ne5 Bxe5 10. dxe5 Nd7 11. f4 f5 12. Nf3 Nf8 13. Bh4 Qb6 14. Qd2 c4 15. Bb1 Nd7 16. g4 fxg4 17. Nd4 Nc5 18. Rg1 Nd3+ 19. Bxd3 cxd3 20. Rxg4 Bd7 21.
Bf6 g6 22. Qxd3 Qxb2 23. Rxg6+ Kf8 24. Rb1 Qxh2 25. Rg7 Nxd4 26. cxd4 Qh1+ 27. Kf2 Qh2+ 28. Rg2 Qh5 29. Qa3+ 1-0

[Event "*** Titled Tuesday 3|2 Blitz"]
[Site "Chess.com"]
[Date "2016.08.02"]
[Round "1"]
[White "wnstop"]
[Black "Quiet_Desperation"]
[Result "1-0"]
[WhiteElo "2461"]
[BlackElo "2131"]
[TimeControl "180+2"]
[EndTime "11:06:05 PDT"]
[Termination "wnstop won by resignation"]

1. e4 e6 2. d4 d5 3. Nd2 Nf6 4. e5 Nfd7 5. f4 c5 6. Ngf3 Nc6 7. Nb3 c4 8. Nbd2 f5 9. Be2 Be7 10. Nf1 O-O 11. Ne3 b5 12. O-O a5 13. Kh1 Nb6 14. Bd2 b4 15. Be1 a4 16. Rg1 Kh8 17. Bg3 Bd7 18. Qe1 a3 19. b3 Rc8 20. Rd1 cxb3 21.
cxb3 Na7 22. Bh4 Bb5 23. Bxe7 Qxe7 24. Ng5 h6 25. Nh3 Rc3 26. Bxb5 Nxb5 27. g4 fxg4 28. Rxg4 Rfc8 29. f5 exf5 30. Rg6 Nc4 31. bxc4 dxc4 32. Nf4 b3 33. Rxh6+ Kg8 34. Rh8+ Kf7 35. e6+ Kf6 1-0

[Event "*** Titled Tuesday 3|2 Blitz"]
[Site "Chess.com"]
[Date "2016.08.02"]
[Round "1"]
[White "NTBT_DHS"]
[Black "josiwales"]
[Result "1-0"]
[WhiteElo "2473"]
[BlackElo "2152"]
[TimeControl "180+2"]
[EndTime "11:06:13 PDT"]
[Termination "NTBT_DHS won by resignation"]

1. d4 f5 2. g3 Nf6 3. Bg2 g6 4. Nh3 Bg7 5. c3 O-O 6. Qb3+ d5 7. O-O c6 8. Nd2 h6 9. Nf4 g5 10. Ng6 Re8 11. e4 fxe4 12. Nxe4 Bf5 13. Nxg5 hxg5 14. Ne5 Qb6 15. Qd1 g4 16. f3 gxf3 17. Qxf3 Be4 18. Qe2 Bxg2 19. Kxg2 e6 20. Bg5 Nbd7 21. Rf2 Nxe5 22.
Bxf6 Ng6 23. Qg4 Kh7 24. Qh5+ Bh6 25. Bg5 Nf8 26. Qxh6+ Kg8 27. Bf6 Qc7 28. Qh8+ 1-0

[Event "*** Titled Tuesday 3|2 Blitz"]
[Site "Chess.com"]
[Date "2016.08.02"]
[Round "1"]
[White "AnastasiaProtopopova"]
[Black "yian123"]
[Result "0-1"]
[WhiteElo "1909"]
[BlackElo "2361"]
[TimeControl "180+2"]
[EndTime "11:06:13 PDT"]
[Termination "yian123 won by resignation"]

1. d4 d5 2. c4 c6 3. Nf3 Nf6 4. e3 a6 5. b3 g6 6. Nbd2 Bg7 7. Bb2 O-O 8. Bd3 Bg4 9. O-O Nbd7 10. h3 Bxf3 11.
Nxf3 Ne4 12. Ne5 Nxe5 13. dxe5 Nc5 14. Be2 Re8 15. f4 e6 16. Bd4 Ne4 17. c5 f6 18.
exf6 Bxf6 19. b4 e5 20. fxe5 Bxe5 21. Rc1 Qg5 22. Bf3 Ng3 23. Re1 Re7 24. e4 dxe4 25. Bxe4 Bxd4+ 26. Qxd4 Qxc1 27. Rxc1 Ne2+ 28. Kh2 Nxd4 0-1

[Event "*** Titled Tuesday 3|2 Blitz"]
[Site "Chess.com"]
[Date "2016.08.02"]
[Round "1"]
[White "diokletian"]
[Black "micfel"]
[Result "1-0"]
[WhiteElo "2447"]
[BlackElo "2095"]
[TimeControl "180+2"]
[EndTime "11:06:35 PDT"]
[Termination "diokletian won by resignation"]

1. d4 d5 2. c4 c6 3. Nc3 e6 4.
Nf3 Nd7 5. e4 dxe4 6. Nxe4 Ngf6 7. Nxf6+ Nxf6 8. Bd3 c5 9. dxc5 Bxc5 10. O-O O-O 11. Qe2 Qc7 12. b3 b6 13. Bb2 Be7 14.
Ng5 g6 15. Be5 Qc5 16. Qb2 Ng4 17. Nf3 Bb7 18. Bg3 Bxf3 19. gxf3 Bf6 20. Qe2 Bxa1 21. Rxa1 Nf6 22. a3 Rfd8 23. b4 Qd4 24. Rd1 Nh5 25. Be5 Qh4 26. Qe3 Rd6 27. Bxd6 Rd8 28. Bg3 Qf6 29. Kg2 Qd4 30. Qxd4 Rxd4 31. Be2 Nf4+ 32.
Bxf4 Rxf4 33. Rd7 a5 34. Rb7 axb4 35. axb4 b5 36. Rxb5 1-0

[Event "*** Titled Tuesday 3|2 Blitz"]
[Site "Chess.com"]
[Date "2016.08.02"]
[Round "1"]
[White "StellarChessPro"]
[Black "FairChess_on_YouTube"]
[Result "0-1"]
[WhiteElo "2349"]
[BlackElo "2719"]
[TimeControl "180+2"]
[EndTime "11:06:36 PDT"]
[Termination "FairChess_on_YouTube won by resignation"]

1. d4 d5 2. Nf3 Nf6 3. e3 Bf5 4. Bd3 e6 5. O-O Bg6 6. Ne5 Bd6 7. f4 c5 8. c3 Nc6 9. Qe2 Bxd3 10. Qxd3 O-O 11.
Nd2 Rc8 12. h3 Qb6 13. Kh2 Rfd8 14. g4 Nd7 15. Nxd7 Rxd7 16. Nf3 f6 17. g5 f5 18. Ne5 Bxe5 19. fxe5 Qd8 20. Rg1 Qe8 21. Qe2 Ne7 22. Bd2 Rdc7 23. Rg2 f4 24. exf4 cxd4 25. cxd4 Rc2 26.
Qd3 Nf5 27. Bc3 Rxg2+ 28. Kxg2 Qh5 29. Rf1 h6 30. gxh6 gxh6 31. Kh2 Kh8 32. Qf3 Qxf3 33. Rxf3 b5 34. a3 Kg7 35. Rf2 Kg6 36. Rg2+ Kh5 37. Rg4 Ra8 38. Rg1 a5 39. Rd1 a4 40.
Bb4 Rg8 41. Bc5 Rg3 42. Rc1 Rb3 43. Rc2 Kh4 44. Ba7 Rxh3+ 45. Kg2 Ne3+ 0-1

[Event "*** Titled Tuesday 3|2 Blitz"]
[Site "Chess.com"]
[Date "2016.08.02"]
[Round "1"]
[White "TigranLPetrosyan"]
[Black "oggy1984"]
[Result "1-0"]
[WhiteElo "2659"]
[BlackElo "2318"]
[TimeControl "180+2"]
[EndTime "11:06:44 PDT"]
[Termination "TigranLPetrosyan won by resignation"]

1. g3 Nf6 2. Bg2 g6 3. Nf3 Bg7 4. O-O O-O 5. d3 c5 6. e4 Nc6 7. c3 Rb8 8. Re1 b5 9. d4 cxd4 10. e5 Ne8 11. cxd4 d5 12. h3 Bf5 13. g4 Be4 14. Nbd2 Bxf3 15. Nxf3 e6 16. Be3 Qb6 17.
Qd2 Nc7 18. h4 Na5 19. b3 b4 20. Rac1 Nb5 21. Qxb4 Rfc8 22. Rxc8+ Rxc8 23. Rc1 Rxc1+ 24. Bxc1 Bf8 25. Qd2 Nc6 26. Bb2 Bb4 27. Qd3 Ba3 28. Bxa3 Nxa3 29. Bf1 Qb4 30. h5 Qb6 31. h6 a5 32. Qc3 Kf8 33. Kg2 Nb1 34. Qc1 Nxd4 35. Nxd4 Qxd4 36. Qc8+ Ke7 37. Qc7+ 1-0

[Event "*** Titled Tuesday 3|2 Blitz"]
[Site "Chess.com"]
[Date "2016.08.02"]
[Round "1"]
[White "Pudor"]
[Black "maciek_92"]
[Result "0-1"]
[WhiteElo "2273"]
[BlackElo "2601"]
[TimeControl "180+2"]
[EndTime "11:06:54 PDT"]
[Termination "maciek_92 won by resignation"]

1. d4 Nf6 2. c4 e6 3. Nc3 Bb4 4. Qc2 O-O 5. a3 Bxc3+ 6. Qxc3 b6 7. Bg5 Bb7 8. e3 d5 9. cxd5 exd5 10. Rc1 c6 11. Nf3 Nbd7 12. Bd3 h6 13. Bh4 Re8 14.
O-O Rc8 15. Ne5 Nxe5 16. dxe5 Ne4 17. Bxd8 Nxc3 18. Bh4 Na4 19. Bf5 Nxb2 20. Bxc8 Rxc8 21. f4 Nc4 22. Rc3 b5 23. Bg3 a5 24. f5 Re8 25.
e4 dxe4 26. Rd1 Bc8 27. Rd4 Bxf5 28. Rdxc4 bxc4 29. Rxc4 Rd8 30. Kf2 Rd3 31. Rxc6 Rxa3 32. Ra6 e3+ 0-1

[Event "*** Titled Tuesday 3|2 Blitz"]
[Site "Chess.com"]
[Date "2016.08.02"]
[Round "1"]
[White "GremioPrudente"]
[Black "Chesstrainer1"]
[Result "0-1"]
[WhiteElo "2049"]
[BlackElo "2420"]
[TimeControl "180+2"]
[EndTime "11:06:55 PDT"]
[Termination "Chesstrainer1 won on time"]

1. Nf3 Nf6 2. c4 g6 3. b3 Bg7 4. Bb2 O-O 5. g3 c5 6. Bg2 Nc6 7. O-O d5 8. cxd5 Qxd5 9. d3 Qd6 10. Nbd2 Bg4 11. Rc1 b6 12. Bxf6 exf6 13. Nc4 Qd7 14.
Ne3 Be6 15. Qc2 Rac8 16. Rfd1 h6 17. Qb1 f5 18. Nc4 g5 19. e3 Bd5 20. Ne1 Rfe8 21.
Bxd5 Qxd5 22. Qc2 Red8 23. Qe2 b5 24. Nb2 Nb4 25. d4 Nxa2 26. Rxc5 Rxc5 27. dxc5 Nc3 28. Rxd5 Nxe2+ 29. Kf1 Rxd5 0-1

[Event "*** Titled Tuesday 3|2 Blitz"]
[Site "Chess.com"]
[Date "2016.08.02"]
[Round "1"]
[White "Ginger_GM"]
[Black "brauliocuarta"]
[Result "1-0"]
[WhiteElo "2389"]
[BlackElo "2035"]
[TimeControl "180+2"]
[EndTime "11:06:59 PDT"]
[Termination "Ginger_GM won by resignation"]

1. d4 Nf6 2. c4 c5 3. d5 b5 4. cxb5 a6 5. Nc3 axb5 6. e4 b4 7. Nb5 d6 8. Bc4 Nxe4 9. Qe2 Nf6 10. Bf4 Ra6 11. Nf3 Nh5 12. Nxd6+ Rxd6 13. Bb5+ Bd7 14.
Bxd6 Bxb5 15. Qxb5+ Nd7 16. Bxc5 Nf4 17. O-O e6 18.
Bxf8 Rxf8 19. dxe6 fxe6 20. Rad1 Rf5 21. Qa4 Nd5 22.
Nd4 Nb6 23. Qc6 Rf6 24. Rfe1 Kf7 25. Rxe6 Qb8 26. Rxf6+ Nxf6 27. Qe6+ Kg6 28. Rd3 h6 29. Rg3+ Kh7 30. Nf5 Nh5 31. Qg6+ Kh8 32. Qxh5 1-0

[Event "*** Titled Tuesday 3|2 Blitz"]
[Site "Chess.com"]
[Date "2016.08.02"]
[Round "1"]
[White "MFBerna"]
[Black "Cryptochess"]
[Result "0-1"]
[WhiteElo "2135"]
[BlackElo "2464"]
[TimeControl "180+2"]
[EndTime "11:07:12 PDT"]
[Termination "Cryptochess won by resignation"]

1. d4 Nf6 2. c4 e6 3. Nc3 Bb4 4. Qc2 Nc6 5. e3 d6 6. a3 Bxc3+ 7. Qxc3 O-O 8. Bd3 e5 9. Ne2 a5 10. O-O a4 11. Ng3 h6 12. d5 Nb8 13. f4 exf4 14.
exf4 Nbd7 15. Kh1 Nc5 16. Bc2 Re8 17. Be3 Nce4 18. Nxe4 Nxe4 19. Qd4 Bf5 20. Rae1 Ng3+ 21. hxg3 Bxc2 22. Bf2 Qd7 23. c5 dxc5 24. Qxc5 Be4 25.
Kg1 Qxd5 26. Qxd5 Bxd5 27. Bd4 Bc4 28. Rxe8+ Rxe8 29. Rc1 b5 30. Bc3 Re2 31. Re1 Rc2 32. Re5 c6 33. g4 Bd5 34. g5 Rxg2+ 35. Kf1 Rg4 36. Bd2 hxg5 37. fxg5 Kh7 38. Rf5 Kg6 39.
Rf2 Bc4+ 0-1

[Event "*** Titled Tuesday 3|2 Blitz"]
[Site "Chess.com"]
[Date "2016.08.02"]
[Round "1"]
[White "PowerThinking2650"]
[Black "DeviatkinAndrey"]
[Result "0-1"]
[WhiteElo "2126"]
[BlackElo "2462"]
[TimeControl "180+2"]
[EndTime "11:07:14 PDT"]
[Termination "DeviatkinAndrey won by resignation"]

1. e4 Nf6 2. Nc3 d6 3. d4 e5 4.
Nf3 exd4 5. Nxd4 Be7 6. f3 O-O 7. Be3 d5 8. e5 Nfd7 9. Nxd5 Nxe5 10.
Nxe7+ Qxe7 11. Qd2 c5 12. Nb3 Rd8 13. Qc3 b6 14.
Be2 Ba6 15. Bxa6 Nxa6 16. O-O Nb4 17. Bf4 Ng6 18. Bg3 Nd5 19. Qe1 Qf6 20. c3 h5 21. Nd2 h4 22. Ne4 Qe7 23. Bf2 Ndf4 24. Rd1 f5 25. Nd2 Qg5 26. g3 Re8 0-1

[Event "*** Titled Tuesday 3|2 Blitz"]
[Site "Chess.com"]
[Date "2016.08.02"]
[Round "1"]
[White "DrHolmes13"]
[Black "FLchessplayer"]
[Result "1-0"]
[WhiteElo "2401"]
[BlackElo "2028"]
[TimeControl "180+2"]
[EndTime "11:07:21 PDT"]
[Termination "DrHolmes13 won by resignation"]

1. c4 e5 2. Nc3 Nc6 3. Nf3 g6 4. d4 exd4 5. Nxd4 Bg7 6. Nxc6 bxc6 7. g3 Ne7 8. Bg2 h6 9. O-O O-O 10. Qd3 d6 11. Rd1 Rb8 12. b3 c5 13. Bb2 Bf5 14. e4 Be6 15. Na4 Bxb2 16. Nxb2 Nc6 17. Qd2 Qf6 18. Nd3 Kg7 19. Nf4 Nd4 20. Ne2 Bg4 21. Nxd4 Bxd1 22. Rxd1 cxd4 23. Qxd4 Qxd4 24. Rxd4 Rfe8 25.
f4 Re7 26. Rd5 Rb6 27. Kf2 Re6 28. Bh3 Rf6 29. Ke3 Kf8 30. Ra5 Rb8 31. Rxa7 c6 32. Bd7 c5 33. f5 gxf5 34. exf5 h5 35. Kf4 Rh6 36. Bc6 Re8 37. Bxe8 Kxe8 38. Kg5 Rh7 39. Kf6 Kd8 40. Rxf7 Rh6+ 41. Kg7 1-0

[Event "*** Titled Tuesday 3|2 Blitz"]
[Site "Chess.com"]
[Date "2016.08.02"]
[Round "1"]
[White "workhard91"]
[Black "rithwik2002"]
[Result "1-0"]
[WhiteElo "2354"]
[BlackElo "1906"]
[TimeControl "180+2"]
[EndTime "11:07:21 PDT"]
[Termination "workhard91 won by resignation"]

1. d4 Nf6 2. c4 g6 3. Nc3 Bg7 4. e4 d6 5. f3 O-O 6. Be3 a6 7. Nge2 Nc6 8. Qd2 Rb8 9. d5 Ne5 10. Ng3 h5 11. Be2 h4 12. Nf1 c5 13. h3 Ned7 14. f4 b5 15. e5 dxe5 16. cxb5 exf4 17. Bxf4 Ra8 18. Ne3 Nb6 19. bxa6 Bxa6 20. Bxa6 Rxa6 21. O-O e6 22. Bg5 Nbxd5 23. Ng4 e5 24. Nxd5 Qxd5 25. Nxf6+ 1-0

[Event "*** Titled Tuesday 3|2 Blitz"]
[Site "Chess.com"]
[Date "2016.08.02"]
[Round "1"]
[White "Zhani-Z"]
[Black "dretch"]
[Result "0-1"]
[WhiteElo "2276"]
[BlackElo "2612"]
[TimeControl "180+2"]
[EndTime "11:07:25 PDT"]
[Termination "dretch won by resignation"]

1. e4 e6 2. d4 d5 3. Nd2 c5 4.
Ngf3 cxd4 5. Nxd4 Nf6 6. exd5 Nxd5 7. N2f3 Bb4+ 8. Bd2 O-O 9. Bxb4 Nxb4 10. c3 N4c6 11. Bd3 Nxd4 12. Nxd4 e5 13. Nc2 Nd7 14. Qe2 Nc5 15.
Bc4 Bf5 16. O-O Bd3 17. Bxd3 Qxd3 18. Qxe5 Nd7 19. Qc7 Rfc8 20. Qxb7 Nc5 21. Qf3 Qxc2 22. Rab1 h6 23. h3 Rab8 24. b3 Qxa2 25. Ra1 Qxb3 26.
Rxa7 Rb7 27. Rxb7 Qxb7 28. Qf5 Ne6 29. Rb1 Qc6 30. Rb3 Qc5 31. Qg4 Qg5 32. Qf3 Qf4 33. Qe2 Rd8 34. g3 Qf5 35. Kg2 Qd5+ 0-1

[Event "*** Titled Tuesday 3|2 Blitz"]
[Site "Chess.com"]
[Date "2016.08.02"]
[Round "1"]
[White "awb2000"]
[Black "Caisachess"]
[Result "1-0"]
[WhiteElo "2482"]
[BlackElo "2180"]
[TimeControl "180+2"]
[EndTime "11:07:26 PDT"]
[Termination "awb2000 won by resignation"]

1. d4 Nf6 2. c4 e6 3. Nf3 Bb4+ 4. Bd2 a5 5. Bxb4 axb4 6. e3 d5 7. Nbd2 O-O 8. Qb3 Qe7 9. c5 Nc6 10. Bb5 Bd7 11. Bxc6 bxc6 12. Qxb4 Rfb8 13. Qc3 Ne4 14. Nxe4 dxe4 15. Nd2 f5 16. Nc4 Qg5 17. O-O Rf8 18. Ne5 Be8 19. f4 exf3 20. Rxf3 Bh5 21. Rg3 Qh6 22. a3 f4 23. exf4 Qxf4 24. Qe3 Be8 25. Qxf4 Rxf4 26. Rf1 Rxd4 27. Rgf3 Bg6 28. Nxc6 Rd7 29. Ne5 Rd5 30. Nxg6 hxg6 31. b4 c6 32. Re1 e5 33. Rfe3 Rd2 34. Rg3 Kh7 35. h3 Ra2 36. Rxe5 R2xa3 37. Rxa3 Rxa3 38. Re6 Rb3 39. Re4 Rb2 40. Kh2 Kg8 41. Rf4 Rb3 42. h4 Kh7 43. g3 Kh6 44. Kh3 Kh5 45. Re4 Kh6 46. Kg4 Kh7 47.
Kf4 Kh6 48. g4 Rb1 49. Ke5 Rd1 50. Ke6 g5 51. h5 g6 52. hxg6 Kxg6 53. b5 cxb5 54. c6 Rc1 55. Kd7 Rd1+ 56. Kc8 b4 57. Rxb4 Kf6 58. Re4 Rc1 59. c7 Rc2 60. Rb4 Ke6 61. Kb7 Kd6 62. c8=Q 1-0

[Event "*** Titled Tuesday 3|2 Blitz"]
[Site "Chess.com"]
[Date "2016.08.02"]
[Round "1"]
[White "Fawolizzo"]
[Black "Newlight1"]
[Result "0-1"]
[WhiteElo "2037"]
[BlackElo "2391"]
[TimeControl "180+2"]
[EndTime "11:07:26 PDT"]
[Termination "Newlight1 won by checkmate"]

1. d4 Nf6 2. Nf3 c5 3. c4 cxd4 4. Nxd4 e5 5. Nc2 d5 6. cxd5 Qxd5 7. Qxd5 Nxd5 8. e4 Nb4 9. Nxb4 Bxb4+ 10. Bd2 Bxd2+ 11.
Nxd2 Be6 12. Bb5+ Ke7 13. O-O a6 14. Bc4 Nc6 15. Bxe6 Kxe6 16. Nc4 Nd4 17. Ne3 Rac8 18. f3 Nc2 19. Nxc2 Rxc2 20. Rf2 Rhc8 21. Raf1 b5 22. g3 b4 23. Rxc2 Rxc2 24. Rf2 Rc1+ 25. Rf1 Rc5 26. Rf2 a5 27. Rd2 Rc1+ 28. Kf2 a4 29. Ke3 Ra1 30.
b3 axb3 31. axb3 Rb1 32. Rd3 g5 33. f4 f6 34. fxg5 fxg5 35. Kf3 h5 36. h3 Rb2 37. g4 h4 38. Rd8 Rxb3+ 39. Kg2 Rg3+ 40. Kh2 b3 41. Rg8 Kd6 42. Rxg5 b2 43. Rg6+ Kc5 44. Rh6 b1=Q 45. Rxh4 Qg1# 0-1